 Dungeon Crawl Stone Soup version 0.18-a0-337-g1235303 (webtiles) character file.

4307 kosy22 the Nimble (level 10, -11/96 HPs)
             Began as a Troll Fighter on Nov 28, 2015.
             Was a Believer of Qazlal.
             Mangled by an ogre
             ... wielding a +0 giant spiked club
              (15 damage)
             ... on level 8 of the Dungeon.
             The game lasted 00:22:21 (6599 turns).

kosy22 the Nimble (Troll Fighter)                   Turns: 6599, Time: 00:22:22

Health: -11/96     AC: 10    Str: 27 (29) XL:     10   Next: 11%
Magic:  9/9        EV: 11    Int:  4      God:    Qazlal [**....]
Gold:   200        SH: 14    Dex:  9      Spells: 1 memorised, 6 levels left

rFire  . . .     SeeInvis .       - Unarmed
rCold  . . .     Clarity  .     j - +0 robe of the Good {*Contam +Inv rPois Regen+}
rNeg   . . .     SustAt   .     b - +1 shield
rPois  +         Gourm    +     q - +2 hat
rElec  .         Spirit   .     n - +2 cloak
rCorr  .         Warding  .     (gloves unavailable)
rMut   .         Stasis   .     (boots unavailable)
MR     .....                    (no amulet)
Stlth  +.........               (no ring)
                                (no ring)

@: not resistant to hostile enchantments, very unstealthy
A: unfitting armour, claws 3, fast metabolism 3, gourmand, regeneration 2,
shaggy fur 1, tough skin 2
a: Upheaval, Renounce Religion, Evoke Invisibility


You were on level 8 of the Dungeon.
You worshipped Qazlal.
Qazlal was pleased with you.
You were completely stuffed.

You visited 2 branches of the dungeon, and saw 9 of its levels.

You collected 308 gold pieces.
You spent 108 gold pieces at shops.

Inventory:

Hand Weapons
 f - a +1 dagger
Armour
 a - a +0 robe
 b - a +1 shield (worn)
 j - the +0 robe of the Good (worn) {*Contam +Inv rPois Regen+}
   (You found it on level 5 of the Dungeon)

   It protects you from poison.
   It lets you turn invisible.
   It causes magical contamination when unequipped.
   It increases your rate of regeneration.
 n - a +2 cloak (worn)
 q - a +2 hat (worn)
Wands
 t - a wand of confusion (15)
 x - a wand of fireball (3)
 z - a wand of random effects (13)
 B - a wand of paralysis (12)
 G - a wand of draining (1)
Scrolls
 g - 5 scrolls of identify
 h - a scroll of magic mapping
 k - a scroll of noise {unknown}
 m - a scroll of immolation {unknown}
 p - 2 scrolls of remove curse
 w - 2 scrolls of teleportation
Potions
 c - 2 potions of might
 e - a potion of agility
 l - 2 potions of haste
 o - a potion of ambrosia
 v - a potion of flight {unknown}
 C - a potion of magic {unknown}
 D - a potion of curing {unknown}
 H - a potion of degeneration
Books
 r - a book of the Warp

   Spells                             Type                      Level
   a - Recall                         Summoning/Translocation      3
   b - Gell's Gravitas                Hexes/Translocation          3
   c - Force Lance                    Conjuration/Translocation    4
   d - Phase Shift                    Translocation                5
   e - Warp Weapon                    Charms/Translocation         5
   f - Summon Forest                  Summoning/Translocation      5
Comestibles
 d - 2 bread rations
 i - a beef jerky
 s - 2 meat rations
 u - a slice of pizza
 A - a chunk of flesh


   Skills:
 + Level 5.1 Fighting
 + Level 0.1 Throwing
 + Level 8.2 Dodging
 + Level 1.8 Stealth
 + Level 6.7 Shields
 + Level 6.2 Unarmed Combat
 + Level 0.2 Evocations


You had 6 spell levels left.
You knew the following spells:

 Your Spells              Type           Power        Failure   Level  Hunger
a - Gell's Gravitas       Hex/Tloc       #.........   100%        3    ####...


Dungeon Overview and Level Annotations

Branches:
Dungeon (8/15)             Temple (1/1) D:5
   Lair: D:8-11

Altars:
Cheibriados
Dithmenos
Elyvilon
Fedhas
Gozag
Kikubaaqudgha
Makhleb
Nemelex Xobeh
Okawaru
Qazlal
Ru
Sif Muna
Trog
Xom
Yredelemnul
Zin
The Shining One

Shops:
D:8 [


Innate Abilities, Weirdness & Mutations

You are too large for most types of armour.
You have claws for hands.
Your metabolism is lightning-fast.
You like to eat raw meat.
You heal very quickly.
You are covered in fur (AC +1).
You have very tough skin (AC +2).


Message History

* * * LOW HITPOINT WARNING * * *
The yak is engulfed in freezing vapours.
The five-headed hydra bites you but does no damage.
The five-headed hydra bites you!
* * * LOW HITPOINT WARNING * * *
The five-headed hydra bites you.
* * * LOW HITPOINT WARNING * * *
You block the five-headed hydra's attack. x2
There is an open door, spattered with blood here.
Drink which item? (? for menu, Esc to quit)
It was a potion of degeneration.
There was something very wrong with that liquid.
You feel weakened. The five-headed hydra bites you!
* * * LOW HITPOINT WARNING * * *
The five-headed hydra completely misses you.
You block the five-headed hydra's attack. x2
The five-headed hydra bites you but does no damage.
The ogre hits you with a giant spiked club!
You die...

####..........####.....##........
# #..........#......).##........
# #..........#.##.....##......).
# #..........#........####.....#
# #........K.###.##..## #.....#
#........K..<#.##..# #...(.#
#........K...+.....# #((.(.#
............YD#.##.### #.....#
###.####......O@......# #.....#
... +......ยง####.#.# #####.# ##.
#.......# #.#.########.#
#.......# #.#..........#
#.......# #.#########..#
....#..##### #.# #..# ... ##.####
#.# #..# #....## #.# #... ##+#..#
#.# ##.#


You could see a five-headed hydra, a yak, a big kobold, an ogre and 2 kobolds.

Vanquished Creatures
  Grinder (D:6)
  A two-headed ogre (D:8)
  A yak (D:8)
  An orc warrior (D:5)
  Duvessa (D:5)
  A black bear (D:5)
  2 sky beasts
  2 ice beasts
  2 centaurs
  3 ogres
  3 big kobolds
  The ghost of cireshan the Conjurer, an amateur DECj (D:3)
  Blork the orc (D:5)
  Dowan (D:5)
  6 giant frogs
  A scorpion (D:5)
  2 killer bees (D:5)
  9 wights (D:7)
  3 crimson imps
  3 hounds
  2 centaur zombies (D:6)
  3 giant frog zombies
  3 orc priests
  A gnoll shaman (D:5)
  Crazy Yiuf (D:2)
  An iguana (D:6)
  A jelly (D:8)
  6 orc wizards
  A centaur skeleton (D:5)
  13 worker ants
  2 sheep (D:8)
  A hound skeleton (D:5)
  9 gnolls
  13 adders
  2 shadow imps
  A worm (D:5)
  4 giant geckos
  25 orcs
  9 giant cockroaches
  4 goblins
  9 hobgoblins
  5 jackals
  3 quokkas
  A ball python (D:3)
  9 bats
  A giant gecko skeleton (D:6)
  A giant gecko zombie (D:5)
  7 giant newts
  15 kobolds
  4 rats
  A butterfly (D:5)
  A plant (D:8)
204 creatures vanquished.

Notes
Turn   | Place    | Note
--------------------------------------------------------------
     0 | D:1      | kosy22 the Troll Fighter began the quest for the Orb.
     0 | D:1      | Reached XP level 1. HP: 22/22 MP: 0/0
   164 | D:1      | Reached XP level 2. HP: 29/29 MP: 1/1
   566 | D:2      | Reached XP level 3. HP: 36/36 MP: 2/2
   773 | D:2      | Noticed Crazy Yiuf
   807 | D:2      | Killed Crazy Yiuf
   807 | D:2      | Reached skill level 3 in Dodging
   807 | D:2      | Reached XP level 4. HP: 25/44 MP: 3/3
  1245 | D:2      | Reached XP level 5. HP: 11/52 MP: 4/4
  1679 | D:3      | Noticed cireshan's ghost (amateur DECj)
  1688 | D:3      | Killed cireshan's ghost
  1995 | D:3      | Reached XP level 6. HP: 56/61 MP: 5/5
  2073 | D:4      | Reached skill level 4 in Dodging
  2179 | D:4      | Reached skill level 1 in Stealth
  2299 | D:4      | Reached XP level 7. HP: 60/67 MP: 6/6
  2345 | D:4      | Found a shadowy altar of Dithmenos.
  2409 | D:4      | Found an iron altar of Okawaru.
  2723 | D:5      | Entered Level 5 of the Dungeon
  2792 | D:5      | Reached skill level 5 in Dodging
  3167 | D:5      | Found a staircase to the Ecumenical Temple.
  3179 | Temple   | Entered the Ecumenical Temple
  3208 | Temple   | Became a worshipper of Qazlal Stormbringer
  3244 | D:5      | Noticed Blork the orc
  3255 | D:5      | Killed Blork the orc
  3255 | D:5      | Reached XP level 8. HP: 69/78 MP: 7/7
  3276 | D:5      | Found a runed door.
  3298 | D:5      | Found a runed door.
  3579 | D:5      | Reached skill level 6 in Dodging
  3591 | D:5      | HP: 3/78 [orc priest/divine providence (12)]
  3775 | D:5      | Noticed Duvessa
  3778 | D:5      | Noticed Dowan
  3786 | D:5      | Killed Duvessa
  3786 | D:5      | Reached skill level 5 in Shields
  3786 | D:5      | Reached skill level 5 in Unarmed Combat
  3817 | D:5      | Killed Dowan
  3818 | D:5      | HP: 4/117 [poisoned by Dowan]
  4009 | D:5      | Got a crude robe
  4010 | D:5      | Identified the cursed +0 robe of the Good {*Contam +Inv rPois Regen+} (You found it on level 5 of the Dungeon)
  4055 | D:5      | Found a bloodstained altar of Trog.
  4466 | D:5      | Found a shadowy altar of Dithmenos.
  4727 | D:6      | Reached XP level 9. HP: 84/84 MP: 8/8
  4754 | D:6      | Reached * piety under Qazlal
  4806 | D:6      | Found a burning altar of Makhleb.
  4852 | D:6      | Found a shimmering altar of Xom.
  4852 | D:6      | Found a glowing silver altar of Zin.
  4852 | D:6      | Noticed an angel
  4925 | D:6      | Noticed Grinder
  4943 | D:6      | Killed Grinder
  4943 | D:6      | Reached skill level 7 in Dodging
  5746 | D:7      | Reached ** piety under Qazlal
  5869 | D:7      | Learned a level 3 spell: Gell's Gravitas
  6219 | D:8      | Reached skill level 8 in Dodging
  6238 | D:8      | Reached skill level 5 in Fighting
  6285 | D:8      | Found Kigekat's Armour Boutique.
  6290 | D:8      | Bought the +1 hat of Hedging {rCorr MP+9 Slay-4 SInv} for 108 gold pieces
  6391 | D:8      | Reached XP level 10. HP: 96/96 MP: 9/9
  6521 | D:8      | Noticed a three-headed hydra
  6599 | D:8      | HP: 4/96 [five-headed hydra (9)]
  6599 | D:8      | Mangled by an ogre

Vault maps used:
D:1:      mrwooster_arrival_statue_2, hangedman_decor_growths, feat_on_display
D:2:      uniq_crazy_yiuf_cottage
D:3:      minmay_misc_feat_columns
D:4:      grunt_temple_overflow_open, first_bread
D:5:      lemuel_insect_pit, minmay_temple_entry_glass, basic_altar,
          grunt_dithmenos_smoke_and_mirrors, uniq_duvessa, uniq_blork_the_orc
D:6:      grunt_temple_overflow_order_and_chaos_1, serial_park,
          serial_park_paths, serial_park_square2, serial_park_gazebo,
          roderic_cross_of_infinity, uniq_grinder
D:8:      kennysheep_mini_moat, serial_shops, kennysheep_little_box,
          hangedman_ranch
Temple:   minmay_freezing_vapour_temple_12

Action                   |  1- 3 |  4- 6 |  7- 9 | 10-12 || total
-------------------------+-------+-------+-------+-------++-------
Melee: Unarmed           |    92 |   164 |   518 |    41 ||   815
Throw: Throwing net      |       |       |     1 |       ||     1
Evoke: Wand              |       |       |     5 |     3 ||     8
  Use: Scroll            |       |     7 |     9 |       ||    16
       Potion            |       |       |     7 |     1 ||     8
  Eat: Bread ration      |     1 |     1 |     2 |       ||     4
       Chunk             |     1 |    16 |    14 |     4 ||    35
       Beef jerky        |     1 |       |     1 |       ||     2
       Meat ration       |       |       |     2 |       ||     2
       Pizza             |       |       |     1 |       ||     1
